 Dungeon Crawl Stone Soup version 0.24.0-2-g5b39cebb1c (webtiles) character file.

Game seed: 11358264086684010805, levelgen mode: deterministic

935 iamserjio the Ducker (level 8, -5/87 HPs)
             Began as an Octopode Gladiator on Oct 31, 2019.
             Slain by a centaur (9 damage)
             ... on level 5 of the Dungeon.
             The game lasted 00:05:41 (5489 turns).

iamserjio the Ducker (Octopode Gladiator)           Turns: 5489, Time: 00:05:41

Health: -5/87      AC:  1    Str: 19    XL:     8   Next: 11%
Magic:  8/8        EV: 23    Int: 10    God:
Gold:   187        SH:  0    Dex: 20    Spells: 7/7 levels left

rFire    . . .     SeeInvis .   u - +1 falchion (slice)
rCold    . . .     Gourm    .   (no shield)
rNeg     . . .     Faith    .   b - +0 hat
rPois    .         Spirit   .   (no amulet)
rElec    .         Reflect  .   z - ring of protection from magic
rCorr    .         Harm     .   (no ring)
MR       +....                  (no ring)
Stlth    ..........             (no ring)
HPRegen  0.24/turn              (no ring)
MPRegen  0.11/turn              (no ring)
                                (no ring)
                                (no ring)

@: agile, berserking (expiring), very quick
A: almost no armour, stealthy swim, amphibious, 8 rings, constrict 8, camouflage
1, gelatinous body 1
a: no special abilities


You were on level 5 of the Dungeon.
You were hungry.

You visited 1 branch of the dungeon, and saw 5 of its levels.

You collected 187 gold pieces.

Inventory:

Hand Weapons
 a - a +0 rapier
 f - a +4 scythe of slicing
 u - a +1 falchion of slicing (weapon)
Missiles
 c - 3 throwing nets {!f}
 h - 13 boomerangs
 p - 22 poisoned darts (quivered)
Armour
 b - a +0 hat (worn)
Magical Staves
 k - an uncursed staff of energy {unknown}
Jewellery
 z - a ring of protection from magic (left tentacle)
Wands
 v - a wand of flame (13)
Scrolls
 e - a scroll of fear {unknown}
 g - a scroll of enchant armour {unknown}
 i - 2 scrolls of remove curse {@r2}
 j - a scroll of teleportation {unknown}
 o - 3 scrolls of identify {@r1}
 t - a scroll of magic mapping
 x - a scroll of enchant weapon {unknown}
Potions
 l - 2 potions of brilliance
 n - a potion of haste
 q - 2 potions of curing {@q1}
 r - a potion of lignification
 w - a potion of magic {unknown}
Comestibles
 d - 10 rations


   Skills:
 * Level 6.6 Fighting
 - Level 3.0 Short Blades
 - Level 2.0 Throwing
 * Level 7.0 Dodging


You had 7 spell levels left.
You didn't know any spells.
Your spell library was empty.

Dungeon Overview and Level Annotations

Branches:
Dungeon (5/15)
 Temple: D:4-7

Altars:
Ashenzari
Sif Muna
Xom


Innate Abilities, Weirdness & Mutations

You cannot wear most types of armour.
You are very stealthy in the water. (Stealth+)
You are amphibious.
You can wear up to eight rings at the same time.
You can use your tentacles to constrict eight enemies at once.
Your skin changes colour to match your surroundings (Stealth+).
Your rubbery body absorbs attacks. (AC +1, EV +1)


Message History

The arrow completely misses you. The howler monkey hits you.
* * * LOW HITPOINT WARNING * * *
You slash the howler monkey! You grab the howler monkey.
You constrict the howler monkey.
The centaur shoots an arrow.
The arrow hits you!
* * * LOW HITPOINT WARNING * * *
The howler monkey completely misses you.
You hit the howler monkey. You squeeze the howler monkey.
You kill the howler monkey!
The centaur shoots an arrow.
The arrow misses you.
The centaur shoots an arrow.
The arrow closely misses you.
You slash the jackal zombie!
You destroy the jackal zombie!
The centaur shoots an arrow.
The arrow barely misses you.
The centaur unwields a +0 shortbow.
The centaur hits you!
* * * LOW HITPOINT WARNING * * *
A centaur comes into view.
The centaur shouts!
You slash the centaur! You squeeze the centaur. The centaur hits you!
You die...

*,,,**,,,*,,..**###.......##.....
**,***,,,c.*#..*#.........##..#..
,,,,,,,,,..###.##................
*,,,,,*,,.........._....#........
***,,**,,...............#.#......
*,,,,,,,,...........(...#.#.##...
*,,,,,,,,..........(###......#...
*,,,,,,,,........l(...#..≈≈######
**,,*,,,,......c@.....(..≈##⌠*⌠*#
,,,,*,,,,................≈#≈≈≈≈≈*
,,,,*,,,,....###.........§#≈,,,≈*
*,,,,,,,,...,,*##........≈#≈,,,≈⌠
***,,,,,,.,,,,*,..........+,,_,≈*
***,,,,,,,,,,,,...)......≈#≈,,,≈⌠
,*,,,,,,,,,,,,,..........≈*≈,,,≈*
,,,,,**,,,,>,,,.#........≈*≈≈≈≈≈*
*,*,***,,,,,,,,,*,,,,,,,,≈**⌠*⌠*#


You could see 2 centaurs and a frilled lizard.

Vanquished Creatures
  Grinder (D:4)
  Sigmund (D:4)
  An ogre (D:4)
  A howler monkey (D:5)
  A centaur zombie (D:5)
  A hound (D:5)
  A bullfrog skeleton (D:4)
  A gnoll shaman (D:4)
  4 orc priests (D:3)
  Terence (D:2)
  2 worker ants (D:4)
  3 adders (D:3)
  4 gnolls (D:4)
  4 worms
  A dart slug (D:1)
  3 leopard geckos
  5 orcs (D:3)
  2 giant cockroaches
  7 goblins
  12 hobgoblins
  4 jackals (D:3)
  6 kobolds
  A quokka (D:4)
  7 bats
  7 frilled lizards
  A jackal zombie (D:5)
  7 rats
89 creatures vanquished.

Notes
Turn   | Place    | Note
-------+----------+-------------------------------------------
     0 | D:1      | iamserjio the Octopode Gladiator began the quest for the
                  | Orb.
     0 | D:1      | Reached XP level 1. HP: 14/14 MP: 1/1
   357 | D:1      | Reached XP level 2. HP: 20/20 MP: 2/2
  1062 | D:1      | Reached XP level 3. HP: 22/25 MP: 3/3
  1366 | D:2      | Noticed Terence
  1377 | D:2      | Killed Terence
  1377 | D:2      | Reached skill level 4 in Dodging
  1377 | D:2      | Reached XP level 4. HP: 13/31 MP: 4/4
  2016 | D:2      | Found a shimmering blue altar of Sif Muna.
  2218 | D:3      | Found a shimmering altar of Xom.
  2786 | D:3      | Reached XP level 5. HP: 27/37 MP: 5/5
  3210 | D:3      | Reached skill level 5 in Dodging
  3210 | D:3      | Reached XP level 6. HP: 35/44 MP: 6/6
  3702 | D:4      | Noticed a phantom
  3705 | D:4      | Noticed Sigmund
  3830 | D:4      | Killed Sigmund
  3830 | D:4      | Reached skill level 5 in Fighting
  3837 | D:4      | Noticed Grinder
  3935 | D:4      | Reached XP level 7. HP: 41/50 MP: 7/7
  4249 | D:4      | Reached skill level 6 in Dodging
  5148 | D:4      | Killed Grinder
  5414 | D:5      | Entered Level 5 of the Dungeon
  5422 | D:5      | Reached XP level 8. HP: 58/58 MP: 8/8
  5452 | D:5      | Reached skill level 7 in Dodging
  5472 | D:5      | Found a shattered altar of Ashenzari.
  5488 | D:5      | HP: 4/87 [centaur (9)]
  5489 | D:5      | Slain by a centaur

Levels and vault maps discovered:
D:1:      dpeg_arrival_three_same_balls, layout_basic
D:2:      layout_basic, lemuel_blue_sif_altar, minmay_cupped, uniq_terence
D:3:      layout_basic, xom_teletrap_fun
D:4:      layout_basic, serial_curves, eino_curves_02, eino_curves_02,
          eino_curves_02, first_ration, uniq_sigmund, uniq_grinder
D:5:      layout_cave_pools, lightli_temple_of_fire, basic_altar,
          minmay_misc_feat_tiny

Skill      XL: |  1  2  3  4  5  6  7  8 |
---------------+-------------------------+-----
Fighting       | 3 4 5 6 |  6.6
Dodging        | 4 5 6 7 |  7.0
Short Blades   | |  3.0
Throwing       | |  2.0

Action                   |  1- 3 |  4- 6 |  7- 9 || total
-------------------------+-------+-------+-------++-------
Melee: Rapier            |    62 |    47 |       ||   109
       Constrict         |    17 |    29 |    10 ||    56
       Tentacles         |     6 |    25 |    18 ||    49
       Falchion          |       |    42 |    41 ||    83
Throw: Dart              |       |       |     9 ||     9
  Use: Scroll            |       |     7 |     4 ||    11
       Potion            |       |       |     2 ||     2
 Stab: Sleeping          |     5 |     4 |     3 ||    12
  Eat: Chunk             |     1 |     5 |     4 ||    10
       Ration            |       |     1 |       ||     1
Armor: Skin              |     2 |     2 |     1 ||     5
Dodge: Dodged            |    38 |    71 |    35 ||   144
       Rpst.: Falchion   |       |     9 |     8 ||    17
